Map: Parasitismo LE

Players

Vicster

  • Race: Terran Terran
  • League: Gold
  • Spawn Location: 11:00

Victor - Winner!

  • Race: Terran Terran
  • League: Platinum
  • Spawn Location: 5:00

VOD

Have the link to the VOD?

Description

Time

  • Played on: Jan. 9, 2019, 1:26 p.m.
  • Length: 16:11
Show
View Real Time Build Order
Export as new Build Order

Vicster Terran 

Build Orders:  

Get SALT Encoding   

  12  0:01  SCV  
  13  0:13  SCV  
  14  0:17  Supply Depot  
  14  0:25  SCV  
  15  0:39  SCV  
  15  0:42  Barracks  
  16  0:47  Refinery  
  16  0:51  SCV  
  16  0:54  Refinery  
  17  1:03  SCV  
  18  1:15  SCV  
  19  1:28  Orbital Command  
  19  1:47  Command Center  
  19  1:58  Factory  
  19  2:06  Marine  
  19  2:08  SCV  
  20  2:24  Marine, SCV  
  22  2:36  SCV  
  22  2:43  Marine  
  22  2:52  SCV  
  22  3:07  Barracks Tech Lab  
  22  3:16  Barracks  
  22  3:19  Barracks, SCV  
  23  3:22  Starport  
  23  3:40  SCV, Supply Depot  
  24  3:43  Orbital Command  
  24  3:47  Barracks Tech Lab  
  24  3:52  SCV  
  25  4:03  Starport Tech Lab  
  25  4:05  SCV  
  25  4:07  Barracks Tech Lab  
  25  4:08  Barracks Tech Lab  
  26  4:12  SCV  
  26  4:17  SCV  
  28  4:23  Siege Tank  
  28  4:24  SCV  
  32  4:25  Raven  
  32  4:29  Marine x3, SCV  
  38  4:36  Refinery, SCV  
  38  4:38  Refinery  
  39  4:41  SCV  
  40  4:47  Marine x3  
  40  4:48  SCV  
  44  4:53  SCV, Engineering Bay  
  44  4:57  Stimpack  
  45  5:00  SCV  
  46  5:07  SCV  
  46  5:11  Marine  
  46  5:12  Marine  
  46  5:22  Missile Turret  
  46  5:26  Missile Turret  
  46  5:29  Supply Depot  
  46  5:33  Supply Depot  
  46  5:44  Marine  
  46  5:45  Marine  
  46  5:48  SCV  
  46  5:50  Raven, Siege Tank  
  46  5:51  Marauder  
  49  6:00  SCV  
  49  6:02  Marauder  
  49  6:03  Marine  
  48  6:12  Marine  
  43  6:21  Marine  
  43  6:23  Marine  
  39  6:29  Marine  
  33  6:47  Marine x3  
  36  7:02  SCV x2  
  36  7:04  Marine x2  
  36  7:05  Marine  
  41  7:13  Command Center  
  41  7:14  SCV x2  
  43  7:22  Marine x2  
  43  7:23  Marine  
  43  7:26  SCV x2  
  48  7:34  Siege Tank  
  51  7:38  Raven, SCV x2  
  51  7:43  Marine  
  56  7:50  SCV  
  56  7:51  SCV  
  58  8:00  Marine  
  58  8:02  SCV  
  58  8:03  SCV  
  61  8:14  SCV  
  62  8:23  Terran Infantry Weapons Level 1  
  62  8:24  Marine  
  63  8:27  Command Center, Orbital Command  
  63  8:31  SCV x2  
  65  8:43  Marine, SCV x2  
  65  8:44  Marine x2  
  70  8:49  Cyclone  
  70  8:52  Medivac  
  70  8:55  SCV  
  76  9:00  Supply Depot  
  76  9:01  Marine  
  76  9:02  Engineering Bay  
  77  9:21  Marine x2, SCV x2, Sensor Tower  
  81  9:25  SCV  
  81  9:28  Raven  
  81  9:30  Marine  
  85  9:32  Terran Infantry Armor Level 1  
  85  9:38  Supply Depot  
  85  9:39  Marine x2, SCV x3  
  85  9:41  Supply Depot  
  90  9:51  SCV x2  
  92  10:14  Marine x3  
  92  10:20  Orbital Command  
  95  10:21  Armory  
  95  10:28  Orbital Command  
  95  10:30  Command Center  
  95  10:32  Marine x3  
  95  10:34  Cyclone  
  101  10:36  Medivac  
  103  10:47  Barracks  
  103  10:49  Barracks, SCV x3  
  106  10:50  Marine x2  
  108  10:58  Refinery  
  108  11:01  SCV x3  
  108  11:02  Refinery  
  111  11:10  Terran Vehicle Weapons Level 1  
  111  11:12  Terran Infantry Weapons Level 2  
  111  11:13  SCV x2  
  111  11:16  SCV  
  114  11:21  Orbital Command  
  114  11:25  SCV x2  
  116  11:34  Sensor Tower  
  116  11:41  Orbital Command  
  116  11:42  SCV x3  
  116  11:45  Supply Depot  
  119  11:49  Supply Depot  
  119  11:54  SCV x3  
  122  12:06  SCV  
  123  12:10  Barracks Tech Lab x2  
  123  12:32  SCV  
  123  12:33  SCV x2  
  123  12:35  Orbital Command  
  126  12:44  SCV  
  126  12:45  SCV x2  
  129  12:57  SCV  
  130  13:01  Marine x2  
  130  13:02  Marine, Reaper, Marauder  
  130  13:04  Thor  
  142  13:06  Medivac  
  144  13:19  Marauder  
  146  13:20  Command Center  
  146  13:24  SCV  
  146  13:26  Barracks  
  147  13:30  Barracks  
  147  13:32  Barracks  
  147  13:34  Supply Depot  
  147  13:36  Command Center, Supply Depot  
  147  13:38  Supply Depot  
  147  13:41  Supply Depot x2  
  147  13:42  SCV  
  147  13:47  Supply Depot  
  147  13:55  SCV x4, Medivac  
  147  13:56  Marauder  
  154  14:07  SCV  
  154  14:08  SCV x2  
  154  14:20  SCV  
  154  14:23  Orbital Command  
  150  14:39  Refinery  
  150  14:41  Refinery  
  147  15:27  Barracks  
  147  15:31  Barracks, Missile Turret  
  147  15:35  Command Center  
  147  15:53  Missile Turret  
Show
View Real Time Build Order
Export as new Build Order

Victor Terran - Winner!

Build Orders: Mech 

Get SALT Encoding   

  12  0:01  SCV  
  13  0:13  SCV  
  14  0:19  Supply Depot  
  14  0:25  SCV  
  14  0:28  Refinery  
  15  0:41  SCV  
  16  0:45  Barracks  
  16  0:53  SCV  
  17  1:05  SCV  
  18  1:19  Refinery  
  18  1:27  SCV  
  19  1:32  Reaper  
  21  1:40  SCV  
  21  1:56  Factory  
  21  1:59  Command Center  
  21  2:09  Orbital Command  
  21  2:34  Supply Depot  
  21  2:36  Barracks Reactor  
  21  2:51  SCV  
  21  3:08  SCV  
  22  3:13  Starport  
  22  3:24  SCV  
  23  3:32  Orbital Command  
  23  3:34  Barracks Tech Lab  
  23  3:35  Hellion x2  
  23  3:36  SCV  
  28  3:48  SCV  
  28  3:50  Engineering Bay  
  29  4:00  Fusion Core  
  29  4:01  SCV  
  30  4:07  Hellion  
  30  4:08  Hellion  
  34  4:10  Barracks Tech Lab  
  34  4:13  Medivac  
  37  4:17  SCV  
  37  4:20  SCV  
  38  4:26  Refinery  
  38  4:44  Barracks Tech Lab  
  38  4:51  Battlecruiser  
  38  4:52  SCV  
  45  4:57  Missile Turret  
  45  4:58  SCV  
  46  5:29  Supply Depot x2  
  46  5:30  Weapon Refit  
  46  5:32  Supply Depot  
  46  5:51  SCV x2  
  41  6:32  SCV  
  41  6:33  SCV  
  41  6:35  Refinery  
  41  6:39  Siege Tank  
  39  6:55  Factory  
  39  6:56  Factory  
  39  7:01  Factory  
  39  7:04  Viking x2  
  39  7:06  Armory, SCV  
  44  7:09  Armory  
  44  7:17  Siege Tank  
  44  7:18  SCV  
  44  7:20  SCV  
  49  7:30  SCV  
  49  7:32  SCV  
  49  7:36  Command Center  
  51  7:42  Missile Turret  
  51  7:43  SCV  
  52  7:44  SCV  
  52  7:45  Missile Turret  
  52  7:50  Missile Turret  
  53  7:57  Factory Tech Lab x2  
  53  8:03  Missile Turret  
  69  8:05  Viking x2  
  53  8:10  SCV  
  58  8:15  Mag-Field Accelerator  
  58  8:19  Cyclone  
  64  8:20  Cyclone x2  
  64  8:22  SCV  
  68  8:28  Missile Turret  
  68  8:34  Terran Vehicle Weapons Level 1  
  68  8:39  Terran Vehicle And Ship Armor Level 1  
  68  8:57  Cyclone x2  
  74  9:15  Thor  
  80  9:26  Supply Depot x2  
  80  9:29  Planetary Fortress, Supply Depot  
  80  9:43  Refinery  
  80  9:52  Supply Depot  
  78  10:16  Hellion x4  
  86  10:25  SCV  
  87  10:36  Terran Vehicle Weapons Level 2, Terran Vehicle And Ship Armor Level 2  
  87  10:37  Hellion x3  
  87  10:38  Hellion  
  87  10:42  Viking x2  
  99  10:51  SCV  
  99  10:52  SCV x2  
  102  10:58  Hellion  
  102  10:59  Hellion  
  102  11:03  Smart Servos  
  102  11:04  Infernal Pre-Igniter  
  106  11:07  Thor  
  106  11:08  Hellion  
  106  11:10  SCV  
  106  11:11  SCV  
  116  11:19  Sensor Tower  
  116  11:31  SCV  
  117  11:46  Command Center  
  117  11:48  Supply Depot x2  
  117  11:51  Supply Depot  
  117  12:10  SCV x2, Hellion, Cyclone  
  124  12:20  Thor  
  124  12:21  Cyclone  
  133  12:25  SCV  
  134  12:30  Refinery  
  134  12:31  Siege Tank  
  134  12:32  Viking x2  
  139  13:00  Thor, Cyclone  
  139  13:03  Siege Tank  
  151  13:12  Hellion  
  153  13:26  Supply Depot x2  
  153  13:29  Supply Depot  
  153  13:32  Hellion  
  155  13:35  SCV  
  156  13:47  Hellion  
  156  13:48  Hellion x2  
  162  13:53  Supply Depot  
  162  13:55  Supply Depot  
  162  14:23  Thor, Cyclone  
  171  14:24  Siege Tank  
  166  15:10  Viking x2  
  166  15:40  Viking x2  
Tags
 
Composition
Mech
Matchup
TvT
Race
Terran
Replay Pack
Vicster replay
Spawn Locations
Cross Positions
Add a new tag
Caveats
  • Supply blocks, unpowered buildings, or Contaminate may cause inaccurate times.
  • Supply counts are checked every 10 seconds.